Map: Lockdown LE

Players

찔밥잉

  • Race: Terran Terran
  • League: Diamond

인공지능 칸 (아주 쉬움) - Winner!

  • Race: Zerg Zerg

VOD

Have the link to the VOD?

Description

Time

  • Played on: Oct. 20, 2026, 2:58 p.m.
  • Length: 8:57
Show
View Real Time Build Order
Export as new Build Order

찔밥잉 Terran 

Build Orders: Reaper Expand, Banshee Rush 

Get SALT Encoding   

  12  0:00  SCV  
  13  0:12  SCV  
  14  0:17  Supply Depot  
  14  0:24  SCV  
  15  0:38  SCV  
  15  0:40  Barracks  
  16  0:44  Refinery  
  16  0:50  SCV  
  17  1:02  SCV  
  18  1:14  SCV  
  19  1:26  Reaper, Orbital Command  
  20  1:40  Command Center  
  20  1:47  Supply Depot  
  20  1:52  SCV  
  21  1:59  Marine  
  22  2:04  SCV  
  23  2:10  Factory  
  23  2:16  Refinery  
  23  2:17  SCV  
  24  2:24  Barracks Reactor  
  25  2:30  SCV  
  25  2:42  SCV  
  26  2:51  Orbital Command  
  26  2:54  SCV  
  27  2:59  Starport  
  27  3:07  Hellion x2  
  27  3:12  Barracks Tech Lab  
  31  3:16  SCV  
  31  3:18  SCV  
  33  3:24  Supply Depot  
  33  3:28  SCV  
  33  3:31  Hellion x2  
  38  3:44  SCV x2  
  40  3:48  Banshee  
  40  3:55  Cloaking Field  
  43  3:59  SCV x2  
  43  4:01  Supply Depot  
  45  4:15  Command Center  
  45  4:22  SCV x2  
  47  4:28  Supply Depot  
  47  4:40  Banshee  
  50  4:59  Barracks x2  
  50  5:10  Factory Reactor  
  50  5:12  Barracks Tech Lab  
  50  5:16  SCV x2  
  52  5:21  Supply Depot  
  52  5:27  Orbital Command  
  52  5:28  SCV  
  53  5:56  SCV x2  
  55  6:11  Stimpack  
  55  6:14  Starport Reactor  
  55  6:17  Siege Tank  
  58  6:26  Marine  
  58  6:27  Marine x4  
  64  7:22  SCV  
  64  7:23  SCV  
  64  7:24  SCV  
  64  7:27  Marine x2  
  64  7:28  Marine x3  
  64  7:29  Medivac  
  64  7:30  Medivac  
  73  7:32  Siege Tank  
  73  7:35  SCV x2  
  73  7:36  SCV  
  81  7:37  Refinery  
  81  7:39  Refinery  
  81  7:46  Marine  
  81  7:47  SCV x2  
  84  8:32  Marine x5  
Show
View Real Time Build Order
Export as new Build Order

인공지능 칸 (아주 쉬움) Zerg - Winner!

Build Orders: Pool First 

Get SALT Encoding   

  12  0:00  Drone  
  13  0:12  Overlord  
  13  0:17  Drone  
  14  0:34  Spawning Pool  
  13  0:36  Drone  
  13  0:41  Extractor  
  13  0:44  Drone  
  14  0:51  Overlord  
  14  1:21  Zergling x2  
  14  1:23  Queen  
  17  1:30  Roach Warren  
  17  1:32  Extractor  
  15  1:36  Drone  
  16  1:44  Drone  
  17  1:47  Zergling x2  
  18  2:02  Drone  
  19  2:10  Drone  
  19  2:14  Zergling x2  
  21  2:19  Drone  
  22  2:29  Overlord  
  22  2:32  Drone  
  23  2:39  Drone  
  23  2:40  Roach  
  26  2:46  Drone  
  27  6:50  Drone  
  23  6:57  Drone  
  19  7:04  Drone  
  18  7:09  Lair  
  18  7:12  Drone  
  19  7:19  Drone  
  20  7:26  Drone  
  21  7:33  Drone  
  22  7:40  Drone  
  23  7:47  Zergling x2  
  23  7:48  Drone  
  22  7:55  Drone  
  21  8:03  Drone  
  22  8:06  Hatchery  
  22  8:07  Overseer x2  
  22  8:09  Spire  
  22  8:10  Drone  
  21  8:17  Drone  
  22  8:24  Drone  
  23  8:31  Drone  
Tags
 
Add a new tag
Caveats
  • Supply blocks, unpowered buildings, or Contaminate may cause inaccurate times.
  • Supply counts are checked every 10 seconds.